[Event "Titled Tuesday Blitz December 7 2021"]
[White "Shahade, Gregory"]
[Black "Eynullayev, Atilla"]
[WhiteFideId "2009064"]
[BlackFideId "13413570"]
[WhiteElo "2661"]
[BlackElo "1982"]
[Result "1-0"]
[Round "10"]
[TimeControl "180+1"]
[Date "2021.12.07"]
[WhiteClock "0:00:20"]
[BlackClock "0:00:02"]

1. e4 c5 2. Nf3 e6 3. d4 cxd4 4. Nxd4 Nc6 5. Nc3 a6 6. Be3 Nf6 7. Qf3 Bb4 8. Nxc6 bxc6 9. Qg3 O-O 10. Bd4 c5 11. Be5 d6 12. O-O-O Nh5 13. Qe3 Bxc3 14. Bxc3 Qe7 15. Qf3 Nf6 16. Bxf6 Qxf6 17. Qxf6 gxf6 18. Rxd6 Bb7 19. f3 Rfd8 20. Rxd8+ Rxd8 21. Bd3 a5 22. b3 Kf8 23. Kb2 Bc6 24. Kc3 Ke7 25. h4 Rb8 26. Bc4 h6 27. Rd1 Rb7 28. Rd3 Rb8 29. Kd2 Rb7 30. Ke3 Rb8 31. Kf4 a4 32. Rd2 a3 33. Kg4 Rb7 34. Kh5 Rb8 35. Bf1 Bd7 36. Bc4 Bc6 37. Rd3 Bd7 38. Rc3 Rc8 39. Ba6 Rc7 40. Kxh6 Ra7 41. Bc4 Ra8 42. Kg7 e5 43. h5 Be6 44. Bxe6 1-0


[Site "https://www.chess.com"]

[Event "Titled Tuesday Blitz December 7 2021"]
[White "Shipov, Sergei"]
[Black "Atakhan, Abtin"]
[WhiteFideId "4113624"]
[BlackFideId "22502203"]
[WhiteElo "2751"]
[BlackElo "2119"]
[Result "1-0"]
[Round "10"]
[TimeControl "180+1"]
[Date "2021.12.07"]
[WhiteClock "0:00:21"]
[BlackClock "0:00:01"]

1. d4 Nf6 2. c4 e6 3. Nc3 Bb4 4. Qc2 d5 5. a3 Bxc3+ 6. Qxc3 dxc4 7. Qxc4 O-O 8. Bg5 b6 9. h4 Ba6 10. Qc2 c5 11. dxc5 bxc5 12. Qxc5 Nbd7 13. Qd6 Qb8 14. Qxa6 Qxb2 15. Rc1 Ne4 16. Be3 Ne5 17. f3 Ng3 18. Rh3 Nf5 19. Bf4 Rad8 20. h5 Nd4 21. Rg3 Nc2+ 22. Rxc2 Qxc2 23. Rxg7+ Kxg7 24. Bxe5+ f6 25. Bf4 e5 26. Qxa7+ Rf7 27. Bh6+ Kg8 28. Qb6 Qd1+ 29. Kf2 Rd6 30. Qb8+ Rd8 31. Qb6 Rd6 32. Qc5 Rd5 33. Qc4 Qd4+ 34. Qxd4 exd4 35. g4 Ra7 36. Nh3 Rxa3 37. Nf4 Rd6 38. Nd3 Kf7 39. f4 Ke6 40. Bg2 Rb6 41. Be4 Ra2 42. Bxh7 Rb1 43. Bg8+ Ke7 44. Bxa2 Rh1 45. Bd5 Rh2+ 46. Bg2 Kf7 47. Kg3 1-0


[Site "https://www.chess.com"]

[Event "Titled Tuesday Blitz December 7 2021"]
[White "Sinitsina, Anastassia"]
[Black "Papasimakopoulos, Alexandros"]
[WhiteFideId "4504640"]
[BlackFideId "4244125"]
[WhiteElo "2161"]
[BlackElo "2394"]
[Result "1-0"]
[Round "10"]
[TimeControl "180+1"]
[Date "2021.12.07"]
[WhiteClock "0:00:08"]
[BlackClock "0:00:12"]

1. Nf3 d5 2. g3 Nc6 3. d4 Bg4 4. Bg2 Nf6 5. O-O Bxf3 6. Bxf3 e5 7. dxe5 Nxe5 8. Bg2 c6 9. b3 Bd6 10. Bb2 Qe7 11. Nd2 O-O 12. Rc1 Ba3 13. Bxa3 Qxa3 14. Ra1 Rfe8 15. Nf3 Nxf3+ 16. Bxf3 Ne4 17. Qd4 Qc5 18. Qxc5 Nxc5 19. Rad1 Ne4 20. a4 a5 21. e3 f5 22. Rd4 g5 23. Rfd1 Re7 24. h3 Kf7 25. Kg2 Kg6 26. g4 Rae8 27. gxf5+ Kxf5 28. c4 dxc4 29. Rxc4 Nf6 30. Rc5+ Re5 31. Rc4 h5 32. Rd6 R8e6 33. Rd8 Re8 34. Rcd4 g4 35. hxg4+ hxg4 36. Be2 Kg5 37. R8d6 Rf8 38. Bxg4 Re4 39. Bf3 Rxd4 40. Rxd4 Kf5 41. Be2 Rg8+ 42. Kf1 Ke5 43. Bd3 Rh8 44. f4+ Ke6 45. Kg2 Rg8+ 46. Kf3 Rh8 47. Bc4+ Ke7 48. e4 Rh3+ 49. Kg2 Re3 50. e5 Nh5 51. Kf2 Rc3 52. Be2 Ng7 53. Bg4 Ne6 54. Bxe6 Kxe6 55. Rd6+ Ke7 56. f5 Rc5 57. f6+ Ke8 58. Re6+ Kf8 59. Re7 b5 60. axb5 cxb5 61. Ke3 a4 62. bxa4 bxa4 63. Kd4 Ra5 64. e6 Ra6 65. Ke5 Ra5+ 66. Kf4 Ra6 67. Kf5 Ra8 68. Kg6 a3 69. Rh7 Kg8 70. f7+ 1-0


[Site "https://www.chess.com"]

[Event "Titled Tuesday Blitz December 7 2021"]
[White "Sokolin, Leonid"]
[Black "Diaz Camallonga, Carles"]
[WhiteFideId "2009161"]
[BlackFideId "22235256"]
[WhiteElo "2394"]
[BlackElo "2438"]
[Result "0-1"]
[Round "10"]
[TimeControl "180+1"]
[Date "2021.12.07"]
[WhiteClock "0:00:06"]
[BlackClock "0:00:18"]

1. e4 e6 2. d4 d5 3. Nc3 Bb4 4. exd5 exd5 5. Bd3 Nc6 6. Ne2 Nge7 7. O-O Bg4 8. Qe1 O-O 9. a3 Ba5 10. b4 Bb6 11. Be3 Nf5 12. Bxf5 Bxf5 13. Qd2 Ne7 14. Na4 Nc8 15. Nc5 Nd6 16. Ng3 Bg6 17. Bf4 Qc8 18. Rfe1 a5 19. Qc3 Nb5 20. Qb2 axb4 21. axb4 Qg4 22. Be3 Nd6 23. h3 Qh4 24. Nd7 Nc4 25. Qc1 Nxe3 26. Nxf8 Rxf8 27. Qxe3 Bxd4 28. Qd2 Bxa1 29. Rxa1 Qc4 30. c3 Re8 31. Rd1 c6 32. Kh2 h6 33. Qd4 Qxd4 34. Rxd4 b5 35. f4 Re3 36. f5 Bh7 37. f6 Bg6 38. fxg7 Kxg7 39. h4 Rxc3 40. h5 Bh7 41. Rg4+ Kf6 42. Rf4+ Ke6 43. Rg4 Rc4 44. Rg7 Bd3 45. Kg1 Rxb4 46. Kf2 d4 47. Rg8 Rb2+ 48. Kf3 Bc4 49. Rh8 Bd5+ 50. Kf4 Rf2+ 51. Kg4 f5+ 52. Kh4 Rxg2 53. Rxh6+ Ke5 54. Rg6 f4 55. Nf1 Rxg6 56. hxg6 b4 57. Kg5 b3 58. Nd2 b2 59. g7 d3 60. Kg6 Kd4 0-1


[Site "https://www.chess.com"]

[Event "Titled Tuesday Blitz December 7 2021"]
[White "Stankovic, Ivan G"]
[Black "Gheorghiu, Calin"]
[WhiteFideId "902837"]
[BlackFideId "1200305"]
[WhiteElo "2195"]
[BlackElo "2213"]
[Result "0-1"]
[Round "10"]
[TimeControl "180+1"]
[Date "2021.12.07"]
[WhiteClock "0:00:45"]
[BlackClock "0:00:15"]

1. e4 c5 2. c4 Nc6 3. Nc3 g6 4. g3 Bg7 5. Bg2 d6 6. Nge2 h5 7. h3 e5 8. d3 Nge7 9. Rb1 O-O 10. a3 a5 11. O-O Be6 12. Nd5 Rb8 13. Nec3 Qd7 14. Kh2 Nd4 15. b4 axb4 16. axb4 cxb4 17. Rxb4 f5 18. Nxe7+ Qxe7 19. Nd5 Bxd5 20. exd5 h4 21. Be3 f4 22. Bxd4 fxg3+ 23. fxg3 hxg3+ 24. Kxg3 exd4 25. Kh2 Be5+ 26. Kh1 Rxf1+ 27. Qxf1 Rf8 28. Qe1 Qg5 29. Rxb7 Qf4 30. Qg1 Qg3 31. Rb3 Rf2 32. Rb1 Rd2 33. Rb8+ Kg7 34. Rb7+ Kh6 35. Rb3 Rd1 0-1


[Site "https://www.chess.com"]

[Event "Titled Tuesday Blitz December 7 2021"]
[White "Sviridov, Valery"]
[Black "Ivanchuk, Vasyl"]
[WhiteFideId "4120680"]
[BlackFideId "14100010"]
[WhiteElo "2454"]
[BlackElo "2710"]
[Result "1/2-1/2"]
[Round "10"]
[TimeControl "180+1"]
[Date "2021.12.07"]
[WhiteClock "0:00:18"]
[BlackClock "0:00:23"]

1. Nf3 Nf6 2. g3 g6 3. Bg2 Bg7 4. O-O O-O 5. c4 c5 6. Nc3 Nc6 7. d4 d6 8. dxc5 dxc5 9. Bf4 Nd4 10. Be5 Nc6 11. Bf4 Nd4 12. Ne5 Nh5 13. e3 Ne6 14. Nd5 Nhxf4 15. exf4 g5 16. Qh5 gxf4 17. Rad1 Nd4 18. Nxf4 Bf5 19. Ned3 Qd6 20. Rfe1 Rab8 21. g4 Bxd3 22. Nxd3 b6 23. b3 Rbd8 24. Be4 h6 25. Kg2 Rfe8 26. h4 Kf8 27. g5 hxg5 28. hxg5 e6 29. Qg4 Ke7 30. Rh1 Rh8 31. Qf4 Qxf4 32. Nxf4 Be5 33. Nd3 Bd6 34. f4 f5 35. gxf6+ Kxf6 36. Kf2 Rdg8 37. Rdg1 Bc7 38. Rxg8 Rxg8 39. Rh6+ Kf7 40. Rh7+ Rg7 41. Rh8 Rg8 42. Rh7+ Rg7 43. Rh6 Rg4 44. Bf3 Rg7 45. Rh1 Ke7 46. Rh8 Bd6 47. Be4 Kf6 48. Rd8 Bc7 49. Ra8 Bd6 50. Rh8 Bc7 51. Rh6+ Ke7 52. Rh5 Bd6 53. Rh6 Bc7 54. Rh5 Bd6 55. Rh6 Bc7 1/2-1/2


[Site "https://www.chess.com"]

[Event "Titled Tuesday Blitz December 7 2021"]
[White "Vakhlamov, Igor L."]
[Black "Ibrahimli, Murad"]
[WhiteFideId "24126748"]
[BlackFideId "13410229"]
[WhiteElo "2416"]
[BlackElo "2109"]
[Result "1/2-1/2"]
[Round "10"]
[TimeControl "180+1"]
[Date "2021.12.07"]
[WhiteClock "0:00:39"]
[BlackClock "0:01:57"]

1. e4 c5 2. Nf3 d6 3. Nc3 a6 4. a4 Nc6 5. g3 Bg4 6. h3 Bxf3 7. Qxf3 g6 8. Bg2 Bg7 9. O-O Nf6 10. d3 O-O 11. Qd1 Rb8 12. Ne2 b5 13. axb5 axb5 14. c3 b4 15. d4 bxc3 16. bxc3 cxd4 17. cxd4 Nd7 18. Qa4 Ra8 19. Qxa8 Qxa8 20. Rxa8 Rxa8 21. e5 Rc8 22. exd6 exd6 23. Bf4 Nxd4 24. Nxd4 Bxd4 25. Bxd6 Rc2 26. Be4 Re2 27. Bf3 Rb2 28. h4 h5 29. Kg2 Kg7 30. Bc6 Nf6 31. Bf3 Ng4 32. Bxg4 hxg4 33. Bf4 Kf6 34. Bc1 Rc2 35. Bg5+ Kf5 36. Bf4 f6 37. Bd6 Ke6 38. Bf4 Kd5 39. Bh6 Kc4 40. Rc1 Rxc1 41. Bxc1 Kd3 42. f3 f5 43. Bf4 Ke2 44. fxg4 fxg4 45. Bb8 Be3 46. Bc7 Bf2 47. Bb8 Be1 48. Bc7 Ke3 49. Bf4+ Ke4 50. Bc7 Bd2 51. Bd6 Be3 52. Bc7 Bd4 53. Bb8 Be5 54. Ba7 Kd3 55. Bb6 Ke2 56. Bd8 Bd6 57. Bg5 Kd3 58. Bh6 Ke4 59. Bg5 Kf5 60. Bh6 Be5 61. Bd2 Ke6 62. Be3 Kd5 63. Bg5 Kc4 64. Bh6 Kd3 65. Bg5 Ke4 66. Bh6 Bf6 67. Bd2 Kf5 68. Be3 Be7 69. Bd2 Bd8 70. Be3 Ke4 71. Bd2 Bf6 72. Bf4 Bxh4 73. Bd2 Bf6 74. Bf4 Be5 75. Bg5 Kd3 76. Bh6 Ke2 77. Bg5 Bd4 78. Bh6 Be3 79. Bg7 Kd3 80. Bf8 Ke4 81. Be7 Bd4 82. Bd8 Be5 83. Be7 Kf5 84. Bd8 Ke4 85. Be7 Bc7 86. Bf6 Bb6 87. Be7 Be3 88. Bd8 Kd3 89. Be7 Ke2 90. Bd6 g5 91. Be7 Bf4 92. Bd8 Be3 93. Be7 Kd3 94. Bd8 Ke4 95. Be7 Ke5 96. Bd8 Ke6 97. Bc7 Kf5 98. Bd8 Bd4 99. Bc7 Bf6 100. Bd6 Ke4 101. Bc7 Kd3 102. Bd6 Ke2 103. Bc7 Ke3 104. Bd6 Ke4 105. Bc7 Kf5 106. Bd6 Ke6 107. Bc7 Kd7 108. Bb6 Kc6 109. Be3 Be7 110. Bd4 Kd5 111. Bb6 Kc6 112. Be3 Bd8 113. Bd4 Kd5 114. Be3 Ke4 115. Bc5 Kd3 116. Bd6 Kc4 117. Be5 Kd5 118. Bc3 Ke4 119. Bb4 Bf6 120. Bd6 Kd3 121. Bc7 Ke2 122. Bd6 Ke3 123. Bc7 Ke4 124. Bd6 Kf5 125. Bc7 Ke6 126. Bb6 Kd5 127. Bc7 Ke6 128. Bb6 Be7 129. Bc7 Kd7 130. Bb6 Kc6 131. Bd4 Bd8 132. Be5 Kd5 133. Bc3 Ke4 134. Bb4 Kd5 135. Bc3 1/2-1/2


[Site "https://www.chess.com"]

[Event "Titled Tuesday Blitz December 7 2021"]
[White "Vidit, Santosh Gujrathi"]
[Black "Rasulov, Vugar"]
[WhiteFideId "5029465"]
[BlackFideId "13402390"]
[WhiteElo "2628"]
[BlackElo "2560"]
[Result "1-0"]
[Round "10"]
[TimeControl "180+1"]
[Date "2021.12.07"]
[WhiteClock "0:00:05"]
[BlackClock "0:00:02"]

1. e4 c5 2. Nf3 e6 3. d4 cxd4 4. Nxd4 Nc6 5. Nc3 Qc7 6. Be3 a6 7. Qf3 Nf6 8. O-O-O Ne5 9. Qg3 h5 10. h4 d6 11. Bf4 Bd7 12. Nf3 Nfg4 13. Be2 Rc8 14. Ng5 b5 15. a3 Qb6 16. Bxe5 Nxe5 17. f4 Nc4 18. Bxc4 Rxc4 19. f5 b4 20. axb4 Qxb4 21. fxe6 fxe6 22. Rhf1 Be7 23. Nf7 O-O 24. Nh6+ Kh7 25. Rxf8 Bxf8 26. Nf7 Qa5 27. Kb1 Rb4 28. e5 Kg8 29. Ng5 Rg4 30. Qd3 Rxg5 31. hxg5 Qxe5 32. g6 d5 33. Qxa6 Be8 34. Qe2 Qxe2 35. Nxe2 Bxg6 36. Nf4 Bf5 37. Re1 Kf7 38. Nxh5 Bb4 39. Rf1 Kg6 40. Nf4+ Kg5 41. Nh3+ Kg6 42. Kc1 Bd6 43. Kd2 Kh5 44. c3 Kg4 45. Rf3 Bc5 46. Nf2+ Kg5 47. b4 Bd6 48. Nh3+ Kg4 49. Nf2+ Kg5 50. Ke2 e5 51. Rg3+ Kf6 52. Ng4+ Ke6 53. Ne3 g6 54. Nxf5 gxf5 55. Rg6+ Kd7 56. b5 f4 57. b6 Bc5 58. b7 Ba7 59. Rg7+ Kc6 60. Rf7 Bb8 61. Kd3 e4+ 62. Kd4 Ba7+ 63. Ke5 e3 64. Kxf4 Kb5 65. Kf3 Kc4 66. Ke2 Kxc3 67. Rf8 d4 68. Rc8+ Kb4 69. b8=Q+ 1-0


[Site "https://www.chess.com"]

[Event "Titled Tuesday Blitz December 7 2021"]
[White "Vifleemskaia, Svetlana"]
[Black "Przybylski, Wojciech"]
[WhiteFideId "4129490"]
[BlackFideId "1117599"]
[WhiteElo "1918"]
[BlackElo "2247"]
[Result "1-0"]
[Round "10"]
[TimeControl "180+1"]
[Date "2021.12.07"]
[WhiteClock "0:00:13"]
[BlackClock "0:00:01"]

1. d4 d5 2. c4 c6 3. cxd5 cxd5 4. Bf4 Nc6 5. e3 Nf6 6. Nc3 a6 7. Bd3 e6 8. Rc1 Be7 9. h3 O-O 10. Nf3 Bd7 11. Ne5 Rc8 12. O-O b5 13. Bb1 Na5 14. Nxd7 Qxd7 15. b3 Rc6 16. Ne2 Rfc8 17. Qd2 Nb7 18. Rxc6 Rxc6 19. Rc1 Nd8 20. Rxc6 Nxc6 21. Qc3 Bb4 22. Qc2 g6 23. g4 Ne4 24. f3 Nd6 25. Qc1 f5 26. a3 Ba5 27. Qc5 Nb7 28. Qc1 Bd8 29. Bd3 Be7 30. b4 Nd6 31. Bxd6 Bxd6 32. f4 Kg7 33. g5 Ne7 34. Kf2 Nc8 35. h4 Nb6 36. h5 Nc4 37. Bxc4 bxc4 38. Qh1 Qa4 39. hxg6 hxg6 40. Qh6+ Kf7 41. Qh7+ Kf8 42. Qh8+ Ke7 43. Qf6+ Kd7 44. Qf7+ Be7 45. Qxg6 Qxa3 46. Qf7 c3 47. g6 Qb2 48. g7 c2 49. Kg3 c1=Q 50. Nxc1 Qxc1 51. g8=Q Qg1+ 52. Kf3 Qf1+ 53. Kg3 Qg1+ 54. Kf3 Qd1+ 55. Kf2 Qd2+ 56. Kf3 Qd1+ 57. Kg3 Qe1+ 58. Kf3 Qh1+ 59. Ke2 Qe4 60. Qa8 1-0


[Site "https://www.chess.com"]

[Event "Titled Tuesday Blitz December 7 2021"]
[White "Vlassov, Nikolai"]
[Black "Bayasgalan, Khishigbaatar"]
[WhiteFideId "4103360"]
[BlackFideId "4904311"]
[WhiteElo "2407"]
[BlackElo "1624"]
[Result "1-0"]
[Round "10"]
[TimeControl "180+1"]
[Date "2021.12.07"]
[WhiteClock "0:00:44"]
[BlackClock "0:00:03"]

1. e4 e6 2. d4 d5 3. exd5 exd5 4. Nf3 Bg4 5. h3 Bxf3 6. Qxf3 c6 7. Bd3 Nf6 8. O-O Be7 9. Re1 O-O 10. Bf4 Nbd7 11. Nd2 Re8 12. c3 Nf8 13. Nf1 Ng6 14. Bd2 Qc7 15. Ng3 Nh4 16. Qd1 Bd6 17. Nh5 Nxh5 18. Bxh7+ Kxh7 19. Qxh5+ Kg8 20. Qxh4 Qb6 21. b3 c5 22. Rxe8+ Rxe8 23. Re1 Rxe1+ 24. Bxe1 cxd4 25. Qxd4 Qxd4 26. cxd4 Kf8 27. g4 Ke8 28. Kg2 Ba3 29. Bc3 Ke7 30. h4 Ke6 31. h5 f5 32. f3 fxg4 33. fxg4 Kf6 34. Bd2 Bb2 35. Be3 a6 36. Kf3 Ba3 37. Bf4 Bb2 38. Be5+ Kf7 39. Kf4 g6 40. Kg5 Bc1+ 41. Bf4 Bb2 42. hxg6+ Kg8 43. Be5 b5 44. Kf5 a5 45. Ke6 a4 46. Kxd5 axb3 47. axb3 b4 48. Kc4 Kf8 49. Kxb4 Kg8 50. Kc5 Kf8 51. b4 Ba3 52. Kc4 Kg8 53. b5 Bf8 54. b6 Be7 55. b7 Bf8 56. b8=N Be7 57. Nc6 Bf8 58. d5 Ba3 59. d6 Bxd6 60. Bxd6 Kg7 61. Ne5 Kf6 62. Kd5 Kg7 63. Ke6 Kg8 64. Kf6 Kh8 65. g5 Kg8 66. Ng4 Kh8 67. g7+ Kh7 68. Bc5 Kg8 69. Nh6+ Kh7 70. g8=Q# 1-0


[Site "https://www.chess.com"]

[Event "Titled Tuesday Blitz December 7 2021"]
[White "Weetik, Vjacheslav"]
[Black "Koutlas, Nikolaos"]
[WhiteFideId "4153472"]
[BlackFideId "25827138"]
[WhiteElo "2469"]
[BlackElo "1525"]
[Result "1-0"]
[Round "10"]
[TimeControl "180+1"]
[Date "2021.12.07"]
[WhiteClock "0:00:11"]
[BlackClock "0:00:05"]

1. Nf3 c5 2. e4 Nc6 3. Bb5 Nf6 4. Nc3 Qc7 5. O-O e5 6. Nd5 Nxd5 7. exd5 Ne7 8. Re1 a6 9. Bf1 d6 10. c3 Ng6 11. d4 cxd4 12. cxd4 Be7 13. dxe5 dxe5 14. Be3 O-O 15. Rc1 Qd8 16. Qb3 Bg4 17. Bb6 Qd7 18. Nxe5 Nxe5 19. Rxe5 Bd6 20. Ree1 h5 21. Bc5 Bxc5 22. Rxc5 Rfe8 23. Rec1 b5 24. Qg3 Be2 25. Qf4 Bxf1 26. Rxf1 Re2 27. b4 Rxa2 28. h3 Re8 29. d6 Qe6 30. Rd1 Qe2 31. Rcd5 Re4 32. Qg3 h4 33. Qf3 Qxf3 34. gxf3 Re8 35. d7 Rd8 36. Re1 Kf8 37. Rde5 f6 38. Re8+ Kf7 39. Rxd8 Rd2 40. Kg2 g5 41. Ra1 Rd6 42. Rxa6 Rxa6 43. Rf8+ Kxf8 44. d8=Q+ Kf7 45. Qd7+ Kg6 46. Qxb5 Re6 47. Qd3+ Kf7 48. b5 f5 49. Qxf5+ Rf6 50. Qxf6+ Kxf6 51. b6 1-0


[Site "https://www.chess.com"]

[Event "Titled Tuesday Blitz December 7 2021"]
[White "Xiong, Jeffery"]
[Black "Yoo, Christopher Woojin"]
[WhiteFideId "2047640"]
[BlackFideId "30909694"]
[WhiteElo "2727"]
[BlackElo "2105"]
[Result "1/2-1/2"]
[Round "10"]
[TimeControl "180+1"]
[Date "2021.12.07"]
[WhiteClock "0:01:40"]
[BlackClock "0:01:27"]

1. d4 Nf6 2. c4 e6 3. Nc3 Bb4 4. Nf3 O-O 5. Bg5 d5 6. e3 Be7 7. Rc1 h6 8. Bh4 b6 9. cxd5 exd5 10. Bd3 Bb7 11. O-O c5 12. Ne5 Nc6 13. f4 cxd4 14. Nxc6 Bxc6 15. Ne2 Bd7 16. Nxd4 Ng4 17. Bxe7 Qxe7 18. Qf3 Qxe3+ 19. Qxe3 Nxe3 20. Rfe1 Nc4 21. Bxc4 1/2-1/2


[Site "https://www.chess.com"]

[Event "Titled Tuesday Blitz December 7 2021"]
[White "Yang, Kaiqi"]
[Black "Mirzanurov, Bulat"]
[WhiteFideId "8604398"]
[BlackFideId "4184521"]
[WhiteElo "2373"]
[BlackElo "2116"]
[Result "1-0"]
[Round "10"]
[TimeControl "180+1"]
[Date "2021.12.07"]
[WhiteClock "0:00:07"]
[BlackClock "0:00:04"]

1. d4 d5 2. c4 dxc4 3. Nf3 Nf6 4. e3 e6 5. Bxc4 a6 6. O-O c5 7. Bb3 b5 8. a4 Bb7 9. axb5 axb5 10. Rxa8 Bxa8 11. Nc3 Bc6 12. dxc5 Qxd1 13. Rxd1 Bxc5 14. Ne5 b4 15. Nxc6 Nxc6 16. Ba4 bxc3 17. Bxc6+ Ke7 18. bxc3 Rc8 19. Bb5 Bd6 20. c4 e5 21. f3 e4 22. Bb2 exf3 23. gxf3 Bc5 24. Bd4 h5 25. Kg2 g5 26. Ra1 g4 27. Ra6 gxf3+ 28. Kxf3 Ne8 29. Rh6 Nd6 30. Bf6+ Ke6 31. Ba1+ Ke7 32. Rxh5 Bb4 33. Re5+ Kf8 34. Rh5 Ke7 35. Rh4 Rc5 36. Bd4 Rf5+ 37. Rf4 Ke6 38. Rxf5 Nxf5 39. Ke4 Nxd4 40. exd4 Bf8 41. c5 Be7 42. Bc4+ Kf6 43. Kd5 Bd8 44. Kc6 Ke7 45. d5 Ba5 46. d6+ Ke8 47. Kb5 Bd8 48. c6 Bg5 49. Kb6 Be3+ 50. Kb7 Bc5 51. c7 Bxd6 52. c8=Q+ Ke7 53. Qf5 f6 54. Qe6+ Kd8 55. Qxd6+ Ke8 56. Qe6+ Kd8 57. Bb5 f5 58. Qd7# 1-0


[Site "https://www.chess.com"]

[Event "Titled Tuesday Blitz December 7 2021"]
[White "Zhigalko, Sergei"]
[Black "Shyaamnikhil P"]
[WhiteFideId "13502956"]
[BlackFideId "5024218"]
[WhiteElo "2662"]
[BlackElo "2300"]
[Result "0-1"]
[Round "10"]
[TimeControl "180+1"]
[Date "2021.12.07"]
[WhiteClock "0:00:03"]
[BlackClock "0:00:59"]

1. e4 e5 2. Nf3 Nc6 3. Bc4 Nf6 4. d3 h6 5. Nbd2 d6 6. c3 g5 7. h3 Be6 8. Bxe6 fxe6 9. Qb3 Qc8 10. Nf1 a5 11. a4 b6 12. Ng3 Qd7 13. Be3 g4 14. hxg4 Nxg4 15. Nh5 O-O-O 16. O-O-O Nxe3 17. fxe3 d5 18. Rhf1 Be7 19. d4 exd4 20. exd4 dxe4 21. Ne5 Nxe5 22. dxe5 Qc6 23. Ng7 e3 24. Rfe1 Rxd1+ 25. Qxd1 Bg5 26. Qg4 Kb8 27. Nxe6 Qd7 28. Rd1 e2+ 0-1


[Site "https://www.chess.com"]

[Event "Titled Tuesday Blitz December 7 2021"]
[White "Zhuravleva, Olga"]
[Black "Budrewicz, Krzysztof"]
[WhiteFideId "4145933"]
[BlackFideId "1127950"]
[WhiteElo "2119"]
[BlackElo "2242"]
[Result "0-1"]
[Round "10"]
[TimeControl "180+1"]
[Date "2021.12.07"]
[WhiteClock "0:01:37"]
[BlackClock "0:02:21"]

1. e4 c5 2. Nf3 e6 3. d4 cxd4 4. Nxd4 Nf6 5. Nc3 Nc6 6. a3 d5 7. exd5 exd5 8. Be2 Be7 9. O-O O-O 10. Bf3 Be6 11. Re1 Nxd4 12. Qxd4 Qb6 13. Qxb6 axb6 14. Bf4 Rfc8 15. Rad1 Rxc3 16. bxc3 Rxa3 17. Be5 h6 18. h3 Ra2 19. Re2 Nd7 20. Bxd5 Bxd5 21. Rxd5 Nxe5 22. Rdxe5 Bc5 23. Re8+ Kh7 24. Rb8 Ra1+ 25. Kh2 Bd6+ 26. g3 Bxb8 27. Re7 Bd6 28. Rxf7 Ra2 29. Rxb7 Bc5 30. Kg2 Rxc2 31. Kf3 Rxf2+ 32. Ke4 Rc2 33. Kd3 Rg2 34. g4 Rg3+ 0-1


[Site "https://www.chess.com"]

[Event "Titled Tuesday Blitz December 7 2021"]
[White "Abdilkhair, Abilmansur"]
[Black "Kadam, Om Manish"]
[WhiteFideId "13716417"]
[BlackFideId "45076294"]
[WhiteElo "2063"]
[BlackElo "1729"]
[Result "1-0"]
[Round "11"]
[TimeControl "180+1"]
[Date "2021.12.07"]
[WhiteClock "0:00:57"]
[BlackClock "0:00:21"]

1. e4 c5 2. Nf3 d6 3. Bb5+ Bd7 4. Bxd7+ Qxd7 5. c4 Nc6 6. Nc3 Nf6 7. d4 cxd4 8. Nxd4 g6 9. Be3 Bg7 10. f3 O-O 11. O-O Rac8 12. b3 a6 13. Rc1 Nxd4 14. Bxd4 b5 15. cxb5 axb5 16. Qd3 Rb8 17. Bxf6 Bxf6 18. Nd5 Qa7+ 19. Kh1 Qxa2 20. Nxf6+ exf6 21. Rc6 Rfd8 22. h4 Qb2 23. f4 Rbc8 24. Qxb5 Rxc6 25. Qxc6 Qxb3 26. h5 Qe3 27. Kh2 Kg7 28. Qd5 Re8 29. h6+ Kxh6 30. Rf3 Qxe4 31. Qxf7 Kh5 32. Qxh7+ Kg4 33. Qh3# 1-0


[Site "https://www.chess.com"]

[Event "Titled Tuesday Blitz December 7 2021"]
[White "Acosta Cruz, Oscar Yosimar"]
[Black "Popadic, Dragan"]
[WhiteFideId "5111269"]
[BlackFideId "913650"]
[WhiteElo "2147"]
[BlackElo "2177"]
[Result "1-0"]
[Round "11"]
[TimeControl "180+1"]
[Date "2021.12.07"]
[WhiteClock "0:00:17"]
[BlackClock "0:00:01"]

1. e4 c5 2. Nf3 Nc6 3. Nc3 e5 4. Bb5 d6 5. Bxc6+ bxc6 6. h3 f5 7. d3 Nf6 8. Qe2 Be7 9. b3 O-O 10. Bb2 Bd7 11. O-O-O a5 12. a4 Rb8 13. Nd2 Qe8 14. Nc4 Nh5 15. g3 f4 16. g4 f3 17. Qf1 Nf4 18. Nxa5 Qg6 19. Nc4 Qh6 20. Kb1 Qh4 21. Bc1 Be6 22. Nd2 Ng6 23. Qe1 d5 24. exd5 cxd5 25. Bb2 Bd6 26. Nb5 Rxb5 27. axb5 Qd8 28. Qe3 Qb8 29. Nxf3 Re8 30. Ng5 Bd7 31. c4 d4 32. Qe2 Qd8 33. Ne4 Be7 34. Bc1 Be6 35. Qb2 Qc7 36. Bd2 Ra8 37. Kc2 Bf8 38. Ra1 Rb8 39. Ra6 Qe7 40. Rha1 1-0


[Site "https://www.chess.com"]

[Event "Titled Tuesday Blitz December 7 2021"]
[White "Adewumi, Tanitoluwa"]
[Black "Seletsky, Grigory"]
[WhiteFideId "30966396"]
[BlackFideId "14112191"]
[WhiteElo "2547"]
[BlackElo "2492"]
[Result "1-0"]
[Round "11"]
[TimeControl "180+1"]
[Date "2021.12.07"]
[WhiteClock "0:01:20"]
[BlackClock "0:00:33"]

1. e4 e6 2. d4 d5 3. exd5 exd5 4. Nf3 Nf6 5. Bd3 Bd6 6. h3 h6 7. O-O O-O 8. c4 c6 9. Nc3 dxc4 10. Bxc4 Nbd7 11. Re1 Nb6 12. Bd3 Be6 13. Qe2 Re8 14. Be3 Nbd5 15. Qd2 Nxc3 16. bxc3 b5 17. Bxh6 gxh6 18. Qxh6 Bf8 19. Qh4 Bg7 20. Re5 Bd5 21. Rg5 Qd6 22. Qh6 Qf8 23. Qxf6 Bxf3 24. Qxf3 Qd6 25. Qg4 Qf6 26. Rf5 Qh6 27. Qf3 Re7 28. Rh5 Qd2 29. Rd1 Re1+ 30. Rxe1 Qxe1+ 31. Kh2 Kf8 32. Qxc6 Re8 33. Qd6+ Kg8 34. Bh7+ Kh8 35. Qf4 Qe2 36. Bg6+ Qxh5 37. Bxh5 Re7 38. Bxf7 1-0


[Site "https://www.chess.com"]

[Event "Titled Tuesday Blitz December 7 2021"]
[White "Andreikin, Dmitry"]
[Black "Maly, Alexey"]
[WhiteFideId "4158814"]
[BlackFideId "14103184"]
[WhiteElo "2736"]
[BlackElo "2294"]
[Result "1-0"]
[Round "11"]
[TimeControl "180+1"]
[Date "2021.12.07"]
[WhiteClock "0:00:03"]
[BlackClock "0:00:04"]

1. e4 c6 2. Nf3 d5 3. d3 g6 4. Qe2 Bg7 5. g3 dxe4 6. dxe4 e5 7. Nbd2 Ne7 8. h4 h5 9. Nc4 Qc7 10. Bg5 O-O 11. O-O-O b5 12. Nd6 Be6 13. Bh3 Bxh3 14. Rxh3 f6 15. Be3 Nd7 16. Rhh1 Nb6 17. Rd3 Rad8 18. Rhd1 Nec8 19. Bc5 Kh7 20. b3 Rg8 21. Kb1 Nxd6 22. Bxd6 Qb7 23. Ne1 Qc8 24. Bc5 Rxd3 25. Qxd3 Re8 26. Qf3 Qe6 27. Rd6 Qc8 28. Ng2 Nd7 29. Be3 Nf8 30. Bc1 Ne6 31. Rd1 Nd4 32. Qd3 Rd8 33. Ne3 Ne6 34. Qf1 Rxd1 35. Qxd1 Bf8 36. g4 Nf4 37. f3 Be7 38. a3 Qc7 39. Ka2 Qc8 40. Qd2 Qc7 41. gxh5 Nxh5 42. Nf5 Nf4 43. Nxe7 Qxe7 44. Qa5 Qd7 45. Be3 Qd1 46. Qxa7+ Kh6 47. Qc5 Qxf3 48. Qf8+ Kh5 49. Bc1 Qxe4 50. Kb1 Ne2 51. Qxf6 Nc3+ 52. Kb2 Nd1+ 53. Kb1 Nc3+ 54. Ka1 Kg4 55. Qg5+ Kh3 56. Qd2 Qd4 57. Qxd4 exd4 58. Bg5 Kg4 59. Bf6 Ne2 60. a4 bxa4 61. bxa4 Nc3 62. a5 Nb5 63. a6 c5 64. Kb2 c4 65. Bxd4 Kxh4 66. a7 Nc7 67. Kc3 g5 68. Kxc4 g4 69. Be5 Na8 70. Kc5 g3 71. Kc6 g2 72. Bd4 Kg3 73. Kb7 g1=Q 74. Bxg1 1-0


[Site "https://www.chess.com"]

[Event "Titled Tuesday Blitz December 7 2021"]
[White "Aradhya, Garg"]
[Black "Savchenko, Boris"]
[WhiteFideId "25006746"]
[BlackFideId "4147332"]
[WhiteElo "2176"]
[BlackElo "2499"]
[Result "1-0"]
[Round "11"]
[TimeControl "180+1"]
[Date "2021.12.07"]
[WhiteClock "0:01:34"]
[BlackClock "0:00:24"]

1. d4 Nf6 2. c4 e6 3. Nf3 b6 4. e3 Bb4+ 5. Bd2 a5 6. Bd3 O-O 7. O-O Bb7 8. Nc3 d6 9. Qe2 c5 10. Rfd1 Nbd7 11. a3 Bxc3 12. Bxc3 Qe7 13. Nd2 cxd4 14. exd4 d5 15. b3 Rfc8 16. a4 Qd6 17. Nf3 Nf8 18. Ne5 Ng6 19. Qe3 dxc4 20. bxc4 Nxe5 21. dxe5 Qc6 22. Bf1 Nd7 23. h4 Nc5 24. h5 Rd8 25. h6 Nxa4 26. Rxd8+ Rxd8 27. Qg5 1-0


[Site "https://www.chess.com"]